 Dungeon Crawl Stone Soup version 0.23.1 (webtiles) character file.

Game seed: 7629509929015148205

25371 razor4143 the Blocker (level 13, -4/103 HPs)
             Began as a Gnoll Fighter on Mar 7, 2019.
             Was the Champion of Lugonu.
             Slain by a two-headed ogre
             ... wielding a +0 giant spiked club
              (8 damage)
             ... on level 2 of the Orcish Mines.
             The game lasted 00:37:00 (15111 turns).

razor4143 the Blocker (Gnoll Fighter)              Turns: 15111, Time: 00:37:00

Health: -4/103     AC: 22    Str: 22    XL:     13   Next: 19%
Magic:  0/24       EV: 10    Int: 10    God:    Lugonu [******]
Gold:   1347       SH: 12    Dex: 20    Spells: 25/27 levels left

rFire    . . .     SeeInvis +   a - +4 scimitar
rCold    . . .     Gourm    .   c - +0 shield
rNeg     . . .     Faith    .   E - +0 plate armour
rPois    +         Spirit   +   A - +0 helmet
rElec    .         Reflect  .   k - +2 cloak {rPois}
rCorr    .         Harm     .   g - +2 pair of gloves {Dex+3}
MR       .....                  (no boots)
Stlth    +.........             S - amulet of guardian spirit
HPRegen  0.27/turn              O - ring of see invisible
MPRegen  0.19/turn              p - ring of stealth

@: slowed, drained, very slow
A: distributed training, fangs 1, strong nose
a: Depart the Abyss, Bend Space, Banish, Corrupt, Enter the Abyss, Brand Weapon
With Distortion, Renounce Religion


You were on level 2 of the Orcish Mines.
You worshipped Lugonu.
Lugonu was exalted by your worship.
You were not hungry.

You visited 2 branches of the dungeon, and saw 15 of its levels.
You also visited: Sewer.

You collected 1572 gold pieces.
You spent 225 gold pieces at shops.

Inventory:

Hand Weapons
 a - a +4 scimitar (weapon)
 b - a +1 hunting sling of freezing
 D - a +0 demon blade
 H - a +1 long sword
 I - a +1 long sword of holy wrath
Missiles
 m - 19 tomahawks (quivered)
 r - a throwing net
 L - 110 sling bullets
Armour
 c - a +0 shield (worn)
 g - a +2 pair of gloves of dexterity (worn)
 k - a +2 cloak of poison resistance (worn)
 A - a +0 helmet (worn)
 E - a +0 plate armour (worn)
 P - a +0 scale mail
 T - +0 fire dragon scales
Jewellery
 p - a ring of stealth (right hand)
 v - an uncursed ring of ice
 F - an uncursed ring of wizardry {unknown}
 O - a ring of see invisible (left hand)
 S - an amulet of guardian spirit (around neck)
Wands
 z - a wand of random effects (23)
 B - a wand of disintegration (6)
 K - a wand of paralysis (2)
 N - a wand of enslavement (3)
Scrolls
 d - 6 scrolls of enchant armour
 e - 7 scrolls of identify
 i - 2 scrolls of fog
 n - 8 scrolls of teleportation
 q - 2 scrolls of immolation
 y - a scroll of random uselessness
 C - 5 scrolls of remove curse
 G - a scroll of silence
 M - 2 scrolls of blinking
 Q - 2 scrolls of enchant weapon
 R - a scroll of amnesia
 U - a scroll of torment {unknown}
Potions
 h - 2 potions of magic
 j - 2 potions of might
 l - 2 potions of flight
 o - 6 potions of brilliance
 s - a potion of ambrosia
 t - 3 potions of curing
 u - 2 potions of degeneration
 w - 7 potions of heal wounds
 x - 2 potions of agility
 J - 2 potions of mutation
Comestibles
 f - 26 rations
 V - 13 chunks of flesh


   Skills:
 + Level 10.2(9.5) Fighting
 + Level 7.9(7.2) Short Blades
 + Level 9.2(8.5) Long Blades
 + Level 7.9(7.2) Axes
 + Level 7.9(7.2) Maces & Flails
 + Level 7.9(7.2) Polearms
 + Level 7.9(7.2) Staves
 + Level 7.9(7.2) Slings
 + Level 7.9(7.2) Bows
 + Level 7.9(7.2) Crossbows
 + Level 7.9(7.2) Throwing
 + Level 10.2(9.5) Armour
 + Level 7.9(7.2) Dodging
 + Level 7.9(7.2) Stealth
 + Level 10.2(9.5) Shields
 + Level 7.9(7.2) Unarmed Combat
 + Level 7.9(7.2) Spellcasting
 + Level 6.6(5.9) Conjurations
 + Level 6.6(5.9) Hexes
 + Level 6.6(5.9) Charms
 + Level 6.6(5.9) Summonings
 + Level 6.6(5.9) Necromancy
 + Level 6.6(5.9) Translocations
 + Level 6.6(5.9) Transmutations
 + Level 6.6(5.9) Fire Magic
 + Level 6.6(5.9) Ice Magic
 + Level 6.6(5.9) Air Magic
 + Level 6.6(5.9) Earth Magic
 + Level 6.6(5.9) Poison Magic
 + Level 8.7(8.0) Invocations
 + Level 7.9(7.2) Evocations


You had 25 spell levels left.
You knew the following spells:

 Your Spells              Type           Power        Failure   Level  Hunger
a - Animate Skeleton      Necr           N/A          41%         1    None
b - Apportation           Tloc           ###...       41%         1    None

Your spell library contained the following spells:

 Spells                   Type           Power        Failure   Level  Hunger
 Beastly Appendage        Tmut           ###...       41%         1    None
 Confusing Touch          Hex            ###...       41%         1    None
 Corona                   Hex            ###....      41%         1    None
 Magic Dart               Conj           ###.         41%         1    None
 Summon Small Mammal      Summ           ###.         41%         1    None
 Blink                    Tloc           N/A          56%         2    ##.....
 Call Imp                 Summ           ###.....     56%         2    ##.....
 Slow                     Hex            ###.....     56%         2    ##.....
 Sticks to Snakes         Tmut           ###.....     56%         2    ##.....
 Conjure Flame            Conj/Fire      ###.....     80%         3    ###....
 Inner Flame              Hex/Fire       ###.....     80%         3    ###....
 Mephitic Cloud           Conj/Pois/Air  ###.....     80%         3    ###....
 Portal Projectile        Hex/Tloc       ###...       80%         3    ###....
 Spider Form              Tmut/Pois      ###.......   80%         3    ###....
 Cause Fear               Hex            ###.......   99%         4    ####...
 Ice Form                 Ice/Tmut       ###.....     99%         4    ####...
 Leda's Liquefaction      Hex/Erth       ###.......   99%         4    ####...
 Blade Hands              Tmut           ###.......   100%        5    ######.


Dungeon Overview and Level Annotations

Branches:
Dungeon (13/15)            Temple (0/1) D:6            Lair (0/6) D:8
    Orc (2/2) D:11            Elf (0/3) Orc:2
 Vaults: D:13-14

Altars:
Ashenzari
Kikubaaqudgha
Okawaru
Qazlal
Beogh
Lugonu

Shops:
D:6 [   D:7 *   D:11 !   Orc:2 %

Annotations:
Orc:1 2 runed translucent doors, exclusion: orange crystal statue


Innate Abilities, Weirdness & Mutations

Your experience applies equally to all skills.
You have very sharp teeth.
Your uncanny sense of smell can sniff out nearby items.


Message History

You feel much better.
The two-headed ogre hits you with a cursed -3 dire flail.
The two-headed ogre hits you with a +0 giant spiked club!
The ogre closely misses you.
The two-headed ogre barely misses you. x2
You block the two-headed ogre's attack. x2
The two-headed ogre barely misses you.
You riposte.
You hit the two-headed ogre.
The two-headed ogre is lightly wounded.
The two-headed ogre hits you with a +0 giant spiked club.
* * * LOW HITPOINT WARNING * * *
The ogre mage casts a spell.
The ogre mage flickers and vanishes for a moment.
The two-headed ogre hits you but does no damage.
The two-headed ogre hits you with a +0 giant club.
* * * LOW HITPOINT WARNING * * *
The ogre barely misses you.
The two-headed ogre hits you with a +0 giant spiked club!!
* * * LOW HITPOINT WARNING * * *
The two-headed ogre hits you with a cursed +0 giant club!
You die...

....................##
....................#.##
........................
........O...............
.......O................
........................
.......O)...............
#.#..OOOO...........#..#
......O@O..............#
......OOO...............
........................
...............#........
..........#.#.###......#
........................
...#......#.#...........
.$#........#...........#
.#......#.......#.##


You could see 4 two-headed ogres, 3 ogre magi and 5 ogres.

Vanquished Creatures
  Josephine (D:10)
  A fire dragon (D:10)
  Erolcha (Orc:1)
  A hydra (D:8)
  A centaur warrior (D:12)
  4 two-headed ogres
  A wizard (D:10)
  3 orc knights
  A cyclops (D:12)
  2 ugly things
  3 centaur zombies
  Maurice (D:9)
  Joseph (D:9)
  2 gargoyles
  A kobold demonologist (D:11)
  Grinder (D:3)
  6 trolls
  2 dream sheep (D:8)
  3 hippogriffs
  5 wraiths (D:10)
  A water elemental (D:11)
  A shadow (D:10)
  3 yaks
  3 wargs
  An acid dragon (D:11)
  2 water moccasins
  14 orc warriors
  4 sky beasts
  5 ice beasts
  2 hornet zombies
  A black bear (D:10)
  2 phantoms
  The ghost of estick the Chopper, an amateur HOMo (D:3)
  9 ogres
  3 wolves (D:8)
  12 centaurs
  6 big kobolds
  5 bullfrogs
  A gnoll sergeant (D:4)
  4 scorpions
  6 killer bees
  7 wights
  5 electric eels
  4 howler monkeys
  7 crimson imps
  5 jellies
  A quasit (D:10)
  17 orc wizards
  3 bullfrog zombies (D:4)
  7 hounds
  A centaur skeleton (D:9)
  17 orc priests
  3 bullfrog skeletons
  3 iguanas
  7 worker ants
  2 hound zombies
  2 hound skeletons
  3 worker ant zombies
  A howler monkey zombie (D:4)
  10 adders
  20 gnolls
  9 river rats
  4 shadow imps
  An ooze (D:1)
  2 adder zombies (D:4)
  3 adder skeletons
  A worm (D:5)
  4 dart slugs
  2 leopard geckos
  76 orcs
  11 ball pythons
  4 bats
  9 giant cockroaches
  5 goblins
  11 hobgoblins
  10 jackals
  4 quokkas
  4 frilled lizards
  A giant cockroach zombie (D:4)
  44 kobolds
  A leopard gecko skeleton (D:6)
  2 leopard gecko zombies
  A quokka zombie (D:7)
  26 rats
  A plant (D:7)
488 creatures vanquished.

Vanquished Creatures (collateral kills)
  A hippogriff (D:10)
  A centaur (D:10)
  A jelly (D:10)
3 creatures vanquished.

Vanquished Creatures (others)
  An ugly thing (D:10)
  2 adders (D:3)
  12 plants (D:11)
15 creatures vanquished.

Grand Total: 506 creatures vanquished

Notes
Turn   | Place    | Note
-------+----------+-------------------------------------------
     0 | D:1      | razor4143 the Gnoll Fighter began the quest for the Orb.
     0 | D:1      | Reached XP level 1. HP: 23/23 MP: 1/1
    30 | D:1      | Reached XP level 2. HP: 26/29 MP: 2/2
   124 | D:1      | Reached XP level 3. HP: 35/35 MP: 3/3
   397 | D:1      | Reached skill level 1 in Invocations
   706 | D:2      | Reached skill level 1 in Short Blades
   706 | D:2      | Reached skill level 1 in Axes
   706 | D:2      | Reached skill level 1 in Maces & Flails
   706 | D:2      | Reached skill level 1 in Polearms
   706 | D:2      | Reached skill level 1 in Staves
   706 | D:2      | Reached skill level 1 in Slings
   706 | D:2      | Reached skill level 1 in Bows
   706 | D:2      | Reached skill level 1 in Crossbows
   706 | D:2      | Reached skill level 1 in Throwing
   706 | D:2      | Reached skill level 1 in Dodging
   706 | D:2      | Reached skill level 1 in Stealth
   706 | D:2      | Reached skill level 1 in Unarmed Combat
   706 | D:2      | Reached skill level 1 in Spellcasting
   706 | D:2      | Reached skill level 1 in Evocations
   778 | D:2      | Reached XP level 4. HP: 37/41 MP: 5/5
  1243 | D:3      | Found a runed translucent door.
  1281 | D:3      | Noticed Grinder
  1297 | D:3      | Killed Grinder
  1297 | D:3      | Reached skill level 1 in Conjurations
  1297 | D:3      | Reached skill level 1 in Hexes
  1297 | D:3      | Reached skill level 1 in Charms
  1297 | D:3      | Reached skill level 1 in Summonings
  1297 | D:3      | Reached skill level 1 in Necromancy
  1297 | D:3      | Reached skill level 1 in Translocations
  1297 | D:3      | Reached skill level 1 in Transmutations
  1297 | D:3      | Reached skill level 1 in Fire Magic
  1297 | D:3      | Reached skill level 1 in Ice Magic
  1297 | D:3      | Reached skill level 1 in Air Magic
  1297 | D:3      | Reached skill level 1 in Earth Magic
  1297 | D:3      | Reached skill level 1 in Poison Magic
  1297 | D:3      | Reached XP level 5. HP: 47/47 MP: 5/7
  1297 | D:3      | Reached XP level 6. HP: 53/53 MP: 5/8
  1327 | D:3      | Reached skill level 5 in Long Blades
  1424 | D:3      | Found a faded altar of an unknown god.
  1432 | D:3      | Became a worshipper of Lugonu the Unformed
  1432 | D:3      | Reached * piety under Lugonu
  1432 | D:3      | Reached ** piety under Lugonu
  1724 | D:3      | Noticed estick's ghost (amateur HOMo)
  1745 | D:3      | Reached XP level 7. HP: 45/59 MP: 10/10
  1773 | D:3      | Killed estick's ghost
  2499 | D:4      | Reached XP level 8. HP: 67/67 MP: 12/12
  2570 | D:4      | Reached *** piety under Lugonu
  3294 | D:5      | Entered Level 5 of the Dungeon
  3543 | D:5      | Found a glowing drain.
  3554 | Sewer    | Entered a sewer
  3675 | Sewer    | Reached **** piety under Lugonu
  4260 | D:5      | Reached XP level 9. HP: 72/72 MP: 14/14
  4266 | D:5      | Reached ***** piety under Lugonu
  4514 | D:5      | Found an iron altar of Okawaru.
  4875 | D:6      | Found a staircase to the Ecumenical Temple.
  4949 | D:6      | Found Xeokk's Antique Armour Boutique.
  5765 | D:7      | Found Datasm's Desiderata Depot.
  6002 | D:6      | Reached skill level 5 in Invocations
  6168 | D:7      | Bought a +0 demon blade for 225 gold pieces
  6325 | D:7      | You fall through a shaft for 3 floors!
  6325 | D:10     | Entered Level 10 of the Dungeon
  6370 | D:10     | Reached XP level 10. HP: 76/80 MP: 15/17
  6401 | D:9      | Noticed Joseph
  6542 | D:9      | Killed Joseph
  6638 | D:9      | Reached skill level 5 in Short Blades
  6638 | D:9      | Reached skill level 5 in Axes
  6638 | D:9      | Reached skill level 5 in Maces & Flails
  6638 | D:9      | Reached skill level 5 in Polearms
  6638 | D:9      | Reached skill level 5 in Staves
  6638 | D:9      | Reached skill level 5 in Slings
  6638 | D:9      | Reached skill level 5 in Bows
  6638 | D:9      | Reached skill level 5 in Crossbows
  6638 | D:9      | Reached skill level 5 in Throwing
  6638 | D:9      | Reached skill level 5 in Dodging
  6638 | D:9      | Reached skill level 5 in Stealth
  6638 | D:9      | Reached skill level 5 in Unarmed Combat
  6638 | D:9      | Reached skill level 5 in Spellcasting
  6638 | D:9      | Reached skill level 5 in Evocations
  6775 | D:9      | Noticed a two-headed ogre
  6789 | D:9      | Killed a two-headed ogre
  6982 | D:9      | Noticed Maurice
  7069 | D:8      | Found a staircase to the Lair.
  7211 | D:8      | Found a stormy altar of Qazlal.
  7211 | D:8      | Found an ancient bone altar of Kikubaaqudgha.
  7212 | D:8      | Found a shattered altar of Ashenzari.
  7495 | D:8      | Reached XP level 11. HP: 64/87 MP: 19/19
  7612 | D:8      | Noticed a two-headed hydra
  7622 | D:8      | Killed a seven-headed hydra
  8507 | D:9      | Killed Maurice
  8507 | D:9      | Reached skill level 5 in Conjurations
  8507 | D:9      | Reached skill level 5 in Hexes
  8507 | D:9      | Reached skill level 5 in Charms
  8507 | D:9      | Reached skill level 5 in Summonings
  8507 | D:9      | Reached skill level 5 in Necromancy
  8507 | D:9      | Reached skill level 5 in Translocations
  8507 | D:9      | Reached skill level 5 in Transmutations
  8507 | D:9      | Reached skill level 5 in Fire Magic
  8507 | D:9      | Reached skill level 5 in Ice Magic
  8507 | D:9      | Reached skill level 5 in Air Magic
  8507 | D:9      | Reached skill level 5 in Earth Magic
  8507 | D:9      | Reached skill level 5 in Poison Magic
  8716 | D:9      | Learned a level 1 spell: Animate Skeleton
  9446 | D:10     | Reached ****** piety under Lugonu
  9849 | D:10     | Noticed a red ugly thing
 10039 | D:10     | Got a brightly glowing leather armour
 10050 | D:10     | Identified the +2 leather armour of Protective Custody
                  | {-Cast +Fly Str+2 Slay+6} (You found it on level 10 of the
                  | Dungeon)
 10090 | D:10     | Noticed a wizard
 10100 | D:10     | Killed a wizard
 10589 | D:10     | Noticed a fire dragon
 10612 | D:10     | Killed a fire dragon
 10891 | D:10     | Noticed Josephine
 10906 | D:10     | Killed Josephine
 10906 | D:10     | Reached XP level 12. HP: 79/96 MP: 22/22
 11013 | D:11     | Found Ypimiuf's Distillery.
 11060 | D:11     | Noticed a two-headed ogre
 11065 | D:11     | Killed a two-headed ogre
 11117 | D:11     | Learned a level 1 spell: Apportation
 11177 | D:11     | Noticed a two-headed ogre
 11185 | D:11     | Killed a two-headed ogre
 11509 | D:11     | Noticed a two-headed ogre
 11525 | D:11     | Killed a two-headed ogre
 11724 | D:11     | Found a roughly hewn altar of Beogh.
 11724 | D:11     | Found a staircase to the Orcish Mines.
 12967 | D:12     | Noticed a centaur warrior
 12976 | D:12     | Killed a centaur warrior
 12981 | D:12     | Reached skill level 10 in Fighting
 12981 | D:12     | Reached skill level 10 in Armour
 12981 | D:12     | Reached skill level 10 in Shields
 13842 | Orc:1    | Entered Level 1 of the Orcish Mines
 13928 | Orc:1    | Noticed Erolcha
 13943 | Orc:1    | Killed Erolcha
 13943 | Orc:1    | Reached XP level 13. HP: 103/103 MP: 24/24
 14275 | Orc:1    | Found a runed translucent door.
 14325 | Orc:1    | Found a runed translucent door.
 14551 | Orc:2    | Entered Level 2 of the Orcish Mines
 14905 | Orc:2    | Found a staircase to the Elven Halls.
 15056 | Orc:2    | Found Goavoeh's Food Emporium.
 15111 | Orc:2    | HP: 4/103 [two-headed ogre/+0 giant spiked club (17)]
 15111 | Orc:2    | Slain by a two-headed ogre

Skill      XL: |  1  2  3  4  5  6  7  8  9 10 11 12 |
---------------+-------------------------------------+-----
Invocations    | 1 2 3 4 5 6 7 8 |  8.7
Short Blades   | 1 2 3 4 5 6 7 |  7.9
Axes           | 1 2 3 4 5 6 7 |  7.9
Maces & Flails | 1 2 3 4 5 6 7 |  7.9
Polearms       | 1 2 3 4 5 6 7 |  7.9
Staves         | 1 2 3 4 5 6 7 |  7.9
Slings         | 1 2 3 4 5 6 7 |  7.9
Bows           | 1 2 3 4 5 6 7 |  7.9
Crossbows      | 1 2 3 4 5 6 7 |  7.9
Throwing       | 1 2 3 4 5 6 7 |  7.9
Dodging        | 1 2 3 4 5 6 7 |  7.9
Stealth        | 1 2 3 4 5 6 7 |  7.9
Unarmed Combat | 1 2 3 4 5 6 7 |  7.9
Spellcasting   | 1 2 3 4 5 6 7 |  7.9
Evocations     | 1 2 3 4 5 6 7 |  7.9
Conjurations   | 1 2 3 4 5 6 |  6.6
Hexes          | 1 2 3 4 5 6 |  6.6
Charms         | 1 2 3 4 5 6 |  6.6
Summonings     | 1 2 3 4 5 6 |  6.6
Necromancy     | 1 2 3 4 5 6 |  6.6
Translocations | 1 2 3 4 5 6 |  6.6
Transmutations | 1 2 3 4 5 6 |  6.6
Fire Magic     | 1 2 3 4 5 6 |  6.6
Ice Magic      | 1 2 3 4 5 6 |  6.6
Air Magic      | 1 2 3 4 5 6 |  6.6
Earth Magic    | 1 2 3 4 5 6 |  6.6
Poison Magic   | 1 2 3 4 5 6 |  6.6
Long Blades    | 5 6 7 8 9 |  9.2
Fighting       | 7 8 9 10 | 10.2
Armour         | 7 8 9 10 | 10.2
Shields        | 7 8 9 10 | 10.2

Action                   |  1- 3 |  4- 6 |  7- 9 | 10-12 | 13-15 || total
-------------------------+-------+-------+-------+-------+-------++-------
Melee: Long sword        |    72 |   108 |   558 |       |       ||   738
       Bite              |     7 |    20 |   117 |   175 |    26 ||   345
       Demon blade       |       |       |    40 |   159 |       ||   199
       Scimitar          |       |       |       |   690 |   145 ||   835
 Fire: Hunting sling     |       |       |       |    39 |    18 ||    57
Throw: Tomahawk          |       |       |     1 |    38 |       ||    39
 Cast: Animate Skeleton  |       |       |       |     2 |       ||     2
Evoke: Wand              |       |     2 |     2 |    26 |       ||    30
  Use: Potion            |       |     1 |     1 |     6 |     5 ||    13
       Scroll            |       |       |    15 |     7 |       ||    22
 Stab: Sleeping          |       |       |     2 |       |       ||     2
       Distracted        |       |       |       |     1 |       ||     1
       Paralysed         |       |       |       |     5 |       ||     5
  Eat: Chunk             |       |     3 |    15 |    11 |       ||    29
       Ration            |       |       |     1 |     4 |     1 ||     6
Armor: Scale mail        |    29 |    43 |   182 |       |       ||   254
       Plate armour      |       |       |    97 |   403 |    82 ||   582
Dodge: Dodged            |    19 |    42 |   281 |   254 |    93 ||   689
Block: Shield            |    40 |    79 |   415 |   528 |   138 ||  1200
       Rpst.: Long sword |     5 |    10 |    96 |       |       ||   111
       Demon blade       |       |       |     2 |    16 |       ||    18
       Scimitar          |       |       |       |    49 |    19 ||    68
